AoeStats
← Thay Crai Yon

MegaRandom

508714885Analyzed
3v3 RM · 10d ago on Sep 23, 2026· 60m 44s· 6 players
Game mode
Random Map
Map size
Normal (6 player)
Population
200
Speed
Normal
Resources
Standard
Victory
Conquest
Starting age
Dark Age
Ending age
Imperial Age
RankedLock teamsTeams togetherTeam positionsShared explorationLock speedFull tech treeHidden civsTurbo modeCheats
Victory
Defeat
🇫🇷 Franks · France
1041
+13
🇫🇷 Maya · France
1016
+14
🇫🇷 Celts · France
956
+17
1101
-19
🇳🇴 Saxons · Norway
929
-13
🇳🇴 Danes · Norway
904
-12
DontFuckleWithShuckle
10:31 Feudal Age
11:35 Double-Bit Axe
13:20 Wheelbarrow
12:31 Loom
14:11 Fishing Lines
17:14 Gold Mining
17:17 Stone Mining
20:02 Castle Age
24:14 Squires
24:06 Horse Collar
31:12 Scale Mail Armor
32:51 Fletching
34:43 Thumb Ring
35:12 Bow Saw
38:50 Chain Mail Armor
38:35 Bodkin Arrow
44:02 Imperial Age
43:38 Forging
44:16 Elite Hearth Troop
53:11 Elite Varangian Guard
53:41 Gambesons
56:53 Iron Casting
56:53 Plate Mail Armor
SpecialAgentDaleCooper
10:47 Feudal Age
15:24 Castle Age
13:13 Loom
14:15 Double-Bit Axe
18:17 Bow Saw
24:10 Padded Archer Armor
25:41 Scale Barding Armor
27:21 Forging
30:21 Scale Mail Armor
30:43 Chain Barding Armor
32:58 Husbandry
33:09 Bloodlines
35:04 Iron Casting
35:48 Wheelbarrow
43:40 Imperial Age
42:19 Stone Mining
53:03 Fletching
53:46 Conscription
juleskum
6:37 Loom
12:06 Feudal Age
13:01 Double-Bit Axe
22:51 Castle Age
22:48 Fletching
24:43 Padded Archer Armor
24:53 Crossbowman
32:00 Bow Saw
32:05 Stone Mining
33:58 Medium Warships
37:24 Fishing Lines
40:01 Gillnets
43:45 Squires
52:10 Imperial Age
51:33 Wheelbarrow
50:45 Town Watch
54:40 Heavy Warships
53:44 Elite Longship
Ice Kwak
7:16 Loom
10:45 Feudal Age
11:59 Man-at-Arms
13:45 Scale Mail Armor
14:44 Horse Collar
21:24 Castle Age
22:24 Scale Barding Armor
22:30 Forging
33:24 Wheelbarrow
40:17 Imperial Age
38:40 Hand Cart
39:13 Heavy Plow
38:36 Pikeman
39:55 Chain Barding Armor
40:11 Iron Casting
40:12 Husbandry
40:30 Cavalier
42:59 Long Swordsman
44:07 Paladin
47:02 Chain Mail Armor
Thay Crai Yon
10:47 Feudal Age
17:42 Forging
18:37 Scale Barding Armor
24:10 Castle Age
28:52 Husbandry
31:04 Double-Bit Axe
32:53 Iron Casting
37:24 Stone Mining
37:25 Gold Mining
40:46 Wheelbarrow
40:43 Chain Barding Armor
45:37 Imperial Age
45:33 Ballistics
45:32 Town Watch
45:38 Cavalier
47:47 Caravan
49:19 Paladin
60:44 Plate Barding Armor
61:10 Blast Furnace
Ego59
1:09 Loom
10:21 Feudal Age
12:49 Fletching
14:13 Horse Collar
17:48 Forging
17:45 Padded Archer Armor
22:36 Castle Age
21:11 Gold Mining
22:04 Man-at-Arms
22:42 Crossbowman
23:27 Bodkin Arrow
23:55 Double-Bit Axe
24:44 Thumb Ring
24:48 Town Watch
27:04 Stone Mining
29:56 Pikeman
32:43 Ballistics
32:40 Forging
34:22 Scale Mail Armor
35:26 Wheelbarrow
35:32 Leather Archer Armor
38:03 Town Patrol
40:06 Iron Casting
43:28 Imperial Age
44:16 Elite Plumed Archer
45:22 Squires
45:40 Bracer
46:37 Arbalester
49:03 Ring Archer Armor
49:07 Capped Ram
51:32 Guilds
51:48 Siege Ram
55:04 Long Swordsman
Connection lost

Rejoining the realm…

Still unreachable

The connection could not be restored.

Session expired

The server has moved on; the page needs a fresh start.